 Dungeon Crawl Stone Soup version 0.27-a0-46-g34d46f0a3f (webtiles) character file.

Game seed: 7765443904880018108

16667 Borgoz the Carver (level 12, -7/108 HPs)
             Began as a Ghoul Gladiator on Jan 6, 2021.
             Was a High Priest of Okawaru.
             Mangled by a boulder beetle (16 damage)
             ... on level 11 of the Dungeon.
             The game lasted 00:30:01 (13718 turns).

Borgoz the Carver (Ghoul Gladiator)                Turns: 13718, Time: 00:30:01

Health: -7/108     AC:  9    Str: 21    XL:     12   Next: 39%
Magic:  0/14       EV: 19    Int:  3    God:    Okawaru [*****.]
Gold:   1474       SH:  0    Dex: 18    Spells: 9/11 levels left

rFire    . . .     SeeInvis .   F - +0 great sword
rCold    + . .     Faith    .   (shield currently unavailable)
rNeg     + + +     Spirit   +   H - +0 troll leather armour
rPois    ∞         Reflect  .   c - +0 helmet
rElec    .         Harm     .   y - +0 cloak
rCorr    .         Rampage  .   q - +0 pair of gloves
Will     .....                  l - +0 pair of boots
Stlth    +.........             d - amulet of guardian spirit
HPRegen  0.00/turn              E - +6 ring of dexterity
MPRegen  0.14/turn              (no ring)

@: no status effects
A: claws 1, cold resistance 1, negative energy resistance 3, inhibited
regeneration, torment resistance, unbreathing
a: Renounce Religion, Heroism, Finesse


You were on level 11 of the Dungeon.
You worshipped Okawaru.
Okawaru was extremely pleased with you.
You visited 2 branches of the dungeon, and saw 13 of its levels.
You also visited: Bailey.

You collected 1494 gold pieces.
You spent 20 gold pieces at shops.

Inventory:

Hand Weapons
 a - a +0 scimitar
 b - a +5 short sword of venom
 m - a +0 rapier
 F - a +0 great sword (weapon)
Missiles
 j - 51 poisoned darts (quivered)
Armour
 c - a +0 helmet (worn)
 l - a +0 pair of boots (worn)
 q - a +0 pair of gloves (worn)
 t - a +2 leather armour of fire resistance
 v - the +1 ring mail "Tozxe" {rPois rC+}
   (Okawaru gifted it to you on level 8 of the Dungeon)

   It protects you from cold.
   It protects you from poison.
 y - a +0 cloak (worn)
 C - +0 steam dragon scales
 H - a +0 troll leather armour (worn)
Jewellery
 d - an amulet of guardian spirit (around neck)
 f - an uncursed ring of flight
 p - an uncursed amulet of the acrobat
 u - the amulet of Nusefuer {RegenMP +Blink rElec rN+}
   (You acquired it on level 9 of the Dungeon)

   [amulet of magic regeneration]

   It increases your magic regeneration.
   It insulates you from electricity.
   It protects you from negative energy.
   It lets you blink.
 E - a +6 ring of dexterity (left hand)
Wands
 e - a wand of iceblast (11)
 o - a wand of acid (4)
 s - a wand of enslavement (1)
 x - a wand of polymorph (2)
 z - a wand of digging (13)
Scrolls
 g - a scroll of teleportation
 h - 3 scrolls of enchant armour
 i - 3 scrolls of remove curse
 k - 5 scrolls of fog
 B - 2 scrolls of amnesia
 I - a scroll of enchant weapon
Potions
 r - 2 potions of cancellation
 A - 3 potions of brilliance


   Skills:
 + Level 10.7 Fighting
 * Level 12.5 Long Blades
 - Level 1.7 Throwing
 + Level 3.3 Armour
 + Level 9.3 Dodging
 + Level 4.1 Invocations


You had 9 spell levels left.
You knew the following spells:

 Your Spells              Type           Power        Failure   Level
a - Blink                 Tloc           N/A          71%         2

Your spell library contained the following spells:

 Spells                   Type           Power        Failure   Level
 Magic Dart               Conj           0%           56%         1
 Shock                    Conj/Air       0%           56%         1
 Call Imp                 Summ           0%           71%         2
 Slow                     Hex            0%           71%         2
 Swiftness                Air            0%           71%         2
 Conjure Flame            Conj/Fire      0%           91%         3
 Mephitic Cloud           Conj/Pois/Air  0%           91%         3
 Static Discharge         Conj/Air       0%           91%         3
 Airstrike                Air            0%           100%        4
 Bolt of Magma            Conj/Fire/Erth 0%           100%        5
 Iskenderun's Battlesphe  Conj           0%           100%        5
 Lightning Bolt           Conj/Air       0%           100%        5
 Iron Shot                Conj/Erth      0%           100%        6
 Orb of Destruction       Conj           0%           100%        7
 Spellforged Servitor     Conj/Summ      0%           100%        7


Dungeon Overview and Level Annotations

Branches:
Dungeon (12/15)            Temple (1/1) D:7            Lair (0/6) D:11
 Bailey (visited)
    Orc: D:9-12

Altars:
Ashenzari
Cheibriados
Dithmenos
Elyvilon
Fedhas
Gozag
Hepliaklqana
Kikubaaqudgha
Makhleb
Nemelex Xobeh
Okawaru
Qazlal
Ru
Sif Muna
Trog
Uskayaw
Vehumet
Wu Jian
Xom
Yredelemnul
Zin
The Shining One

Shops:
D:4 ?   D:10 (

Annotations:
D:8 3 runed translucent doors, emiel's ghost, novice OgFE


Innate Abilities, Weirdness & Mutations

You thrive by killing the living.
You are immune to poison.
You have sharp fingernails.
Your flesh is cold resistant. (rC+)
You are immune to negative energy. (rN+++)
You do not regenerate when monsters are visible.
You are immune to unholy pain and torment.
You can survive without breathing.


Message History

The boulder beetle is severely wounded.
The boulder beetle misses you.
The boulder beetle bites you but does no damage.
You hit the boulder beetle but do no damage.
The boulder beetle is severely wounded.
The boulder beetle bites you!!
You barely miss the boulder beetle.
The boulder beetle is severely wounded.
The boulder beetle bites you!!
* * * LOW HITPOINT WARNING * * *
You hit the boulder beetle.
The boulder beetle is severely wounded.
The boulder beetle bites you!!
* * * LOW HITPOINT WARNING * * *
You feel better. The boulder beetle bites you.
* * * LOW HITPOINT WARNING * * *
You hit the boulder beetle but do no damage.
The boulder beetle is severely wounded.
The boulder beetle bites you!
You die...

##...## #..# #<|# #.....
####.....## ##)# #..# #..#.#
.......>.)# #(# #..######..#.#
####.....)# #.# #............#
##...#)# #.# #.#####.......
#...##)# ##.## #.#........#..
####.####.###...####.#.###.#.##.#
...#.## #?##.###B##....###.#. #.
##....###....# #@..........#
##..#.)...##.###.##...########
###)..#######...####..........
.....## ##### ########### ######


You could see a boulder beetle.

Vanquished Creatures
  Harold (D:7)
  2 two-headed ogres
  A death knight (D:11)
  An unseen horror (D:10)
  An orange crystal statue (D:9)
  A gargoyle (D:10)
  A freezing wraith (D:11)
  2 trolls
  A queen bee (Bailey)
  A hornet (D:9)
  Grinder (D:3)
  Sigmund (D:2)
  A shadow (D:11)
  A wyvern (D:7)
  7 wraiths
  A basilisk (D:12)
  6 yaks (D:11)
  Eustachio (D:5)
  2 steam dragons
  4 vampire mosquitoes (D:8)
  Grum (D:8)
  Edmund (D:6)
  2 water moccasins
  5 orc warriors
  2 phantoms
  2 sky beasts (D:7)
  A black bear (D:12)
  2 ice beasts
  A necrophage (D:11)
  6 ogres
  8 centaurs
  6 wolves
  3 big kobolds
  8 bullfrogs
  A wyvern skeleton (D:10)
  4 scorpions
  9 killer bees
  10 wights
  2 howler monkeys
  4 bullfrog zombies
  7 crimson imps (D:11)
  A centaur zombie (D:10)
  6 human zombies (D:8)
  4 centaur skeletons
  8 hounds
  3 jellies
  13 orc priests
  11 orc wizards
  3 bullfrog skeletons
  Ijyb (D:4)
  A human skeleton (D:8)
  2 iguanas
  3 worker ants
  An ogre zombie (D:8)
  2 hound skeletons (D:5)
  A howler monkey zombie (D:10)
  A worker ant zombie (D:10)
  8 gnolls
  A howler monkey skeleton (D:8)
  16 adders
  A shadow imp (D:7)
  5 white imps
  2 ufetubi
  2 adder skeletons
  2 adder zombies
  3 worms (D:3)
  6 dart slugs
  5 leopard geckos
  45 orcs
  2 ball pythons
  5 giant cockroaches
  14 goblins
  12 hobgoblins
  10 jackals
  5 quokkas
  9 bats
  15 frilled lizards
  A giant cockroach zombie (D:1)
  A jackal skeleton (D:4)
  38 kobolds
  A quokka zombie (D:4)
  5 rats
397 creatures vanquished.

Vanquished Creatures (collateral kills)
  An orc knight (Bailey)
  A gnoll (Bailey)
2 creatures vanquished.

Vanquished Creatures (others)
  An orc warrior (Bailey)
  A gnoll (Bailey)
  An orc (Bailey)
  2 goblins (Bailey)
  A hobgoblin (Bailey)
  A kobold (Bailey)
  8 plants (D:1)
  3 withered plants (D:12)
18 creatures vanquished.

Grand Total: 417 creatures vanquished

Notes
Turn   | Place    | Note
-------+----------+-------------------------------------------
     0 | D:1      | Borgoz the Ghoul Gladiator began the quest for the Orb.
     0 | D:1      | Reached XP level 1. HP: 17/17 MP: 0/0
   140 | D:1      | Reached XP level 2. HP: 22/25 MP: 1/1
   204 | D:1      | Reached skill level 3 in Long Blades
   469 | D:1      | Reached XP level 3. HP: 22/30 MP: 0/2
  1153 | D:2      | Reached XP level 4. HP: 37/37 MP: 3/3
  1185 | D:2      | Noticed Sigmund
  1216 | D:2      | Killed Sigmund
  1217 | D:2      | Reached skill level 4 in Long Blades
  1217 | D:2      | Reached XP level 5. HP: 7/46 MP: 2/4
  1494 | D:2      | Reached XP level 6. HP: 52/52 MP: 5/5
  1823 | D:2      | Found a burning altar of Makhleb.
  2148 | D:3      | Found a faded altar of an unknown god.
  2481 | D:3      | Noticed Grinder
  2484 | D:3      | Paralysed by Grinder for 6 turns
  2496 | D:3      | Killed Grinder
  2497 | D:3      | Reached skill level 5 in Long Blades
  2497 | D:3      | Reached XP level 7. HP: 35/60 MP: 2/6
  3006 | D:4      | Found Ema Cyl's Magic Scroll Boutique.
  3014 | D:4      | Bought a scroll of identify for 20 gold pieces
  3434 | D:4      | Noticed Ijyb
  3457 | D:4      | Killed Ijyb
  3458 | D:4      | Reached skill level 6 in Long Blades
  3639 | D:4      | Found an iron altar of Okawaru.
  3648 | D:4      | Became a worshipper of Warmaster Okawaru
  3840 | D:5      | Entered Level 5 of the Dungeon
  3859 | D:4      | Reached skill level 5 in Fighting
  3859 | D:4      | Reached XP level 8. HP: 53/68 MP: 7/7
  4238 | D:5      | Noticed Eustachio
  4255 | D:5      | Killed Eustachio
  4256 | D:5      | Reached skill level 5 in Dodging
  4484 | D:5      | Reached * piety under Okawaru
  4551 | D:5      | Found a shimmering blue altar of Sif Muna.
  4983 | D:6      | Reached skill level 7 in Long Blades
  5261 | D:6      | Noticed Edmund
  5515 | D:6      | Killed Edmund
  5516 | D:6      | Reached XP level 9. HP: 52/78 MP: 5/8
  5899 | D:6      | Reached ** piety under Okawaru
  5900 | D:6      | Reached skill level 8 in Long Blades
  6331 | D:7      | Found a staircase to the Ecumenical Temple.
  6342 | Temple   | Entered the Ecumenical Temple
  6580 | D:7      | Found a white marble altar of Elyvilon.
  6844 | D:7      | Found a hazy altar of Hepliaklqana.
  6886 | D:7      | Found a glowing silver altar of Zin.
  6886 | D:7      | Found a glowing golden altar of the Shining One.
  6960 | D:7      | Found a sacrificial altar of Ru.
  7124 | D:7      | Noticed Harold
  7151 | D:7      | Killed Harold
  7151 | D:7      | Reached *** piety under Okawaru
  7152 | D:7      | Reached skill level 9 in Long Blades
  7404 | D:7      | Reached XP level 10. HP: 83/88 MP: 9/9
  7460 | D:8      | Found a flagged portal.
  7496 | D:8      | Found a runed translucent gate.
  7496 | D:8      | Found a runed translucent gate.
  7496 | D:8      | Found a runed translucent gate.
  7496 | D:8      | Noticed emiel's ghost (novice OgFE)
  7571 | D:8      | Reached **** piety under Okawaru
  7863 | D:8      | Noticed a two-headed ogre
  7866 | D:8      | Noticed Grum
  7888 | D:8      | Killed a two-headed ogre
  7889 | D:8      | Reached skill level 10 in Long Blades
  8022 | D:8      | Reached ***** piety under Okawaru
  8040 | Bailey   | Entered a bailey
  8111 | Bailey   | Noticed an orc knight
  8129 | Bailey   | Noticed an orc knight
  8172 | Bailey   | Killed an orc knight
  8257 | Bailey   | an orc knight changed into a jumping spider
  8258 | Bailey   | Noticed a guardian serpent
  8258 | Bailey   | a jumping spider changed into a guardian serpent
  8263 | Bailey   | a guardian serpent changed into a queen bee
  8275 | Bailey   | Reached XP level 11. HP: 69/97 MP: 7/10
  8537 | D:8      | Reached skill level 11 in Long Blades
  8586 | D:8      | Found a shimmering altar of Xom.
  8610 | D:8      | Killed Grum
  8610 | D:8      | Received a gift from Okawaru
  8620 | D:8      | Got a slimy ring mail {god gift}
  8631 | D:8      | Identified the +1 ring mail "Tozxe" {rPois rC+} (Okawaru
                  | gifted it to you on level 8 of the Dungeon)
  9125 | D:8      | Found a basalt altar of Yredelemnul.
  9940 | D:9      | Identified a scroll of acquirement
 10157 | D:9      | Noticed an orange crystal statue
 10306 | D:9      | Acquired the amulet of Nusefuer {RegenMP +Blink rElec rN+}
 10318 | D:9      | Learned a level 2 spell: Blink
 10604 | D:9      | Killed an orange crystal statue
 10798 | D:10     | Entered Level 10 of the Dungeon
 10820 | D:10     | Reached skill level 10 in Fighting
 10820 | D:10     | Reached skill level 1 in Invocations
 10901 | D:10     | Found Heynimedo's Antique Weapon Boutique.
 11006 | D:10     | Reached skill level 1 in Armour
 11711 | D:10     | Killed an unseen horror
 12317 | D:10     | Identified the cursed +3 spear of Tussuage {freeze, rC-
                  | Dex+10 Stlth-}
 12337 | D:11     | Found a staircase to the Lair.
 12450 | D:11     | Reached skill level 12 in Long Blades
 12476 | D:11     | Reached XP level 12. HP: 52/107 MP: 7/13
 12605 | D:11     | Noticed a two-headed ogre
 12616 | D:11     | Killed a two-headed ogre
 12706 | D:11     | Noticed a death knight
 12804 | D:12     | Noticed a boulder beetle
 13003 | D:11     | Received a gift from Okawaru
 13516 | D:11     | Killed a death knight
 13516 | D:11     | Received a gift from Okawaru
 13716 | D:11     | HP: 3/108 [boulder beetle (20)]
 13718 | D:11     | Mangled by a boulder beetle

Illustrated notes

Levels and vault maps discovered:
D:1:      saegor_arrival_fortress, layout_basic, minmay_lizard_king
D:2:      layout_loops_ring, nicolae_overflow_crystal_walls, uniq_sigmund
D:3:      layout_loops_cross, chequers_ecumenical_altar_simple_redux,
          uniq_grinder
D:4:      layout_cave_pools, lemuel_crystal_altar, serial_shops, shop, uniq_ijyb
D:5:      layout_loops_cross, lemuel_crystal_altar, uniq_eustachio
D:6:      layout_basic, serial_park_tiny_pond, uniq_edmund
D:7:      layout_cave_pools, elyvilon_altar_1, grunt_temple_overflow_open,
          minmay_temple_entry_grid, basic_altar, uniq_harold
D:8:      layout_cave_pools, old_standard_altar, gammafunk_ghost_split,
          enter_bailey_5, lemuel_mausoleum_altar_yredelemnul, uniq_grum
D:9:      layout_basic, minmay_protected_statue
D:10:     layout_loops_corners, serial_shops, shop
D:11:     layout_loops_ring, erik_lair_island, minmay_nine_imps
D:12:     layout_basic, minmay_orc_entry_guard_dogs, serial_undead,
          serial_undead_e, serial_undead_b, serial_undead_d, serial_undead_a
Temple:   eino_temple_lava

Skill      XL: |  1  2  3  4  5  6  7  8  9 10 11 12 |
---------------+-------------------------------------+-----
Long Blades    | 3 4 5 6 7 9 10 12 | 12.5
Dodging        | 3 4 5 6 8 9 |  9.3
Fighting       | 3 4 5 6 7 9 10 | 10.7
Invocations    | 3 4 |  4.1
Armour         | 2 3 |  3.3
Throwing       | |  1.7

Action                   |  1- 3 |  4- 6 |  7- 9 | 10-12 || total
-------------------------+-------+-------+-------+-------++-------
Melee: Long sword        |   105 |   124 |   399 |    22 ||   650
       Scimitar          |       |       |       |   471 ||   471
       Short sword       |       |       |       |    17 ||    17
       Great sword       |       |       |       |   329 ||   329
Throw: Throwing net      |       |     3 |     6 |     1 ||    10
       Dart              |       |       |     1 |     1 ||     2
       Boomerang         |       |       |       |    21 ||    21
Invok: Heroism           |       |       |       |     2 ||     2
       Finesse           |       |       |       |     1 ||     1
Evoke: Wand              |       |       |    18 |    67 ||    85
  Use: Scroll            |     1 |     3 |    11 |    10 ||    25
       Potion            |       |     1 |     3 |    15 ||    19
 Stab: Invisible         |       |       |     5 |       ||     5
       Sleeping          |       |       |       |     3 ||     3
Armor: Leather armour    |     6 |       |       |       ||     6
       Scale mail        |    91 |    45 |    92 |       ||   228
       Ring mail         |       |       |    95 |   117 ||   212
       Steam dragon scal |       |       |       |    67 ||    67
       Troll leather arm |       |       |       |    65 ||    65
       Skin              |       |       |       |     2 ||     2
Dodge: Dodged            |    93 |    69 |   261 |   860 ||  1283
       Rpst.: Long sword |    25 |    15 |    78 |     5 ||   123
       Scimitar          |       |       |       |   133 ||   133
       Great sword       |       |       |       |    75 ||    75

Table legend: (Time is in decaauts)
 A = Elapsed time spent in this place.
 B = Non-inter-level travel time spent in this place.
 C = Inter-level travel time spent in this place.
 D = Time resting spent in this place.
 E = Time spent auto-exploring this place.
 F = Levels seen in this place.
 G = Mean time per level.
                   A        B        C        D        E       F      G
               +--------+--------+--------+--------+--------+-----+--------+
         Total |  13734 |  13429 |    305 |   2980 |   6927 |  14 |  981.0 |
       Dungeon |  13016 |  12721 |    295 |   2857 |   6639 |  12 | 1084.7 |
        Temple |    262 |    252 |     10 |      9 |    240 |   1 |  262.0 |
        Bailey |    456 |    456 |      0 |    114 |     48 |   1 |  456.0 |
               +--------+--------+--------+--------+--------+-----+--------+

Top non-repeatable levels by time:
    D:10: 1592 daAuts
     D:8: 1395 daAuts
     D:9: 1350 daAuts
    D:11: 1206 daAuts
     D:5: 1197 daAuts
     D:7: 1101 daAuts
     D:3: 1096 daAuts
     D:1: 1086 daAuts
     D:2: 1080 daAuts
     D:6: 1001 daAuts
     D:4: 784 daAuts
  Bailey: 456 daAuts
  Temple: 262 daAuts
    D:12: 123 daAuts
